 Dungeon Crawl Stone Soup version 0.26.0-20-g3ca415f5b8 (webtiles) character file.

Game seed: 658020179047090580

3996 thiole the Covert (level 10, -10/66 HPs)
             Began as an Octopode Hedge Wizard on Jan 24, 2021.
             Was an Initiate of Gozag.
             Killed by the air
             ... invoked by Gastronok
              (38 damage)
             ... on level 8 of the Dungeon.
             The game lasted 00:38:26 (13239 turns).

thiole the Covert (Octopode Hedge Wizard)          Turns: 13239, Time: 00:38:26

Health: -10/66     AC:  1    Str: 10    XL:     10   Next: 23%
Magic:  21/21      EV: 14    Int: 20    God:    Gozag
Gold:   652        SH:  0    Dex: 17    Spells: 10/24 levels left

rFire    . . .     SeeInvis .   K - staff of conjuration
rCold    . . .     Faith    .   (no shield)
rNeg     . . .     Spirit   .   b - +0 hat
rPois    .         Reflect  .   t - amulet of the acrobat
rElec    .         Harm     .   x - +6 ring of dexterity
rCorr    .         Rampage  .   I - ring of stealth
Will     .....                  (no ring)
Stlth    +++++++...             (no ring)
HPRegen  0.21/turn              (no ring)
MPRegen  0.17/turn              (no ring)
                                (no ring)
                                (no ring)

@: slowed, invisible, very slow
A: almost no armour, stealthy swim, amphibious, 8 rings, constrict 8, camouflage
1, gelatinous body 1
a: Renounce Religion, Potion Petition, Call Merchant, Bribe Branch


You were on level 8 of the Dungeon.
You worshipped Gozag.
Gozag was pleased with you.
You visited 2 branches of the dungeon, and saw 9 of its levels.

You collected 805 gold pieces.
You paid 153 gold pieces to Gozag.

Inventory:

Hand Weapons
 f - a +2 dagger of speed
 D - a +0 falchion of protection
Missiles
 n - 2 silver javelins
 o - 191 stones
 p - 53 poisoned darts
 q - 7 javelins
Armour
 b - a +0 hat (worn)
Magical Staves
 g - an uncursed staff of death
 K - an uncursed staff of conjuration (weapon)
Jewellery
 t - an amulet of the acrobat (around mantle)
 x - a +6 ring of dexterity (left tentacle)
 I - a ring of stealth (right tentacle)
 L - an uncursed ring of fire
 N - an uncursed ring of fire
Wands
 h - a wand of polymorph (11)
 A - a wand of iceblast (20)
 J - a wand of digging (7)
Scrolls
 a - 2 scrolls of immolation {unknown}
 e - 2 scrolls of fog {unknown}
 i - 4 scrolls of noise {unknown}
 j - 3 scrolls of fear {unknown}
 k - 3 scrolls of random uselessness {unknown}
 l - 3 scrolls of enchant weapon {unknown}
 v - a scroll of remove curse {unknown}
 w - 5 scrolls of enchant armour {unknown}
 y - 3 scrolls of magic mapping {unknown}
 z - 4 scrolls of teleportation {unknown}
 E - 3 scrolls of blinking {unknown}
 M - a scroll of amnesia {unknown}
Potions
 c - a potion of degeneration {unknown}
 d - a potion of invisibility
 r - a potion of attraction
 s - 2 potions of brilliance
 B - a potion of mutation
 C - 2 potions of resistance {unknown}
 G - a potion of might


   Skills:
 + Level 5.4 Fighting
 - Level 2.0 Dodging
 + Level 11.0 Stealth
 + Level 7.5 Spellcasting
 - Level 4.0 Conjurations
 - Level 2.0 Summonings
 - Level 1.0 Translocations
 - Level 4.0 Ice Magic
 - Level 5.0 Air Magic


You had 10 spell levels left.
You knew the following spells:

 Your Spells              Type           Power        Failure   Level
a - Magic Dart            Conj           100%         1%          1
b - Call Imp              Summ           15%          6%          2
c - Blink                 Tloc           N/A          9%          2
d - Mephitic Cloud        Conj/Pois/Air  29%          8%          3
e - Frozen Ramparts       Ice            46%          5%          3
f - Ozocubu's Armour      Ice            23%          5%          3

Your spell library contained the following spells:

 Spells                   Type           Power        Failure   Level
 Freeze                   Ice            92%          1%          1
 Summon Small Mammal      Summ           60%          4%          1
 Apportation              Tloc           22%          6%          1
 Animate Skeleton         Necr           14%          9%          1
 Corona                   Hex            7%           9%          1
 Pain                     Necr           28%          9%          1
 Conjure Flame            Conj/Fire      23%          12%         3
 Slow                     Hex            7%           14%         2
 Hailstorm                Conj/Ice       35%          17%         4
 Vampiric Draining        Necr           3%           26%         3
 Summon Ice Beast         Ice/Summ       19%          26%         4
 Animate Dead             Necr           3%           65%         4
 Agony                    Necr           7%           94%         5


Dungeon Overview and Level Annotations

Branches:
Dungeon (8/15)             Temple (1/1) D:7            Lair (0/6) D:8

Altars:
Ashenzari
Cheibriados
Dithmenos
Elyvilon
Gozag
Hepliaklqana
Kikubaaqudgha
Makhleb
Nemelex Xobeh
Okawaru
Qazlal
Sif Muna
Trog
Uskayaw
Vehumet
Wu Jian
Yredelemnul
Zin

Annotations:
D:8 Gastronok


Innate Abilities, Weirdness & Mutations

You cannot wear most types of armour.
You are very stealthy in the water. (Stealth+)
You are amphibious.
You can wear up to eight rings at the same time.
You can use your tentacles to constrict eight enemies at once.
Your skin changes colour to match your surroundings (Stealth+).
Your rubbery body absorbs attacks. (AC +1, EV +1)


Message History

You start resting.
Gastronok is nearby!
Gastronok waves his eye-stalks in wide circles.
The air twists around and strikes you!
Casting: Magic Dart (safe; 1% risk of failure)
Confirm with . or Enter, or press ? or * to list all spells.
Casting: Frozen Ramparts (dangerous; 5% risk of failure)
Press: ? - help, Dir - look around, f - activate
Okay, then.
Gastronok waves his eye-stalks in wide circles.
The air twists around and strikes you!!
Aiming: Polymorph
Press: ? - help, Shift-Dir - straight line, f/p - Gastronok
Aim: Gastronok, wearing the +3 hat of Pondering {ponderous, Will+ MP+10 Int+5} (will become a shadow dragon, a shard shrike, or a titan, chance to affect: 0%) Gastronok resists with almost no effort.
You fade into invisibility!
Gastronok waves his eye-stalks in wide circles.
Ouch! That really hurt!
You die...
Your body crumbles into a pile of gold.

#. #. #. #.
#################
#.
8.♣.♣.8w♣.♣.8.♣.##
#.
.w.$w.........w..#
#.
♣.♣.♣.8.♣.♣.♣.8..#
#.
################@#
#. #.# #. #.# #.
#.###############.
#........)).......
########[#########
#### #(# #.....
....#####.####[#<..
.........[[........


You could see Gastronok.

Vanquished Creatures
  Harold (D:7)
  A two-headed ogre (D:8)
  A komodo dragon (D:8)
  A hornet (D:7)
  Eustachio (D:4)
  An acid dragon (D:8)
  A phantom (D:8)
  2 orc warriors
  2 ogres (D:8)
  A sky beast (D:8)
  2 centaurs
  A tengu (D:7)
  2 bullfrogs (D:8)
  3 scorpions
  2 howler monkeys (D:8)
  2 centaur zombies
  A bullfrog zombie (D:8)
  A jelly (D:8)
  A hound (D:8)
  3 orc wizards (D:6)
  8 orc priests
  Natasha (twice) (D:2)
  5 adders
  4 gnolls (D:6)
  A shadow imp (D:8)
  A white imp (D:5)
  An ufetubus (D:7)
  An ooze (D:4)
  An adder zombie (D:7)
  An adder skeleton (D:8)
  2 worms
  3 dart slugs
  4 leopard geckos
  10 orcs
  4 giant cockroaches
  11 goblins
  9 hobgoblins
  4 jackals (D:2)
  A quokka (D:3)
  11 bats
  2 frilled lizards
  4 kobolds
  A leopard gecko skeleton (D:6)
  A quokka skeleton (D:7)
  4 rats
126 creatures vanquished.

Vanquished Creatures (collateral kills)
  A yak (D:8)
  A water moccasin (D:6)
  An orc warrior (D:6)
  A tengu (D:5)
  A jelly (D:6)
  A bullfrog skeleton (D:7)
  An orc priest (D:5)
  A hound (D:5)
  4 orc wizards
  Natasha (D:2)
  A worker ant (D:4)
  A hound zombie (D:7)
  A worker ant zombie (D:7)
  An adder (D:5)
  An ufetubus (D:7)
  11 orcs
  A quokka (D:8)
30 creatures vanquished.

Vanquished Creatures (others)
  A hobgoblin (D:2)
  17 fungi (D:8)
  20 plants (D:8)
38 creatures vanquished.

Grand Total: 194 creatures vanquished

Notes
Turn   | Place    | Note
-------+----------+-------------------------------------------
     0 | D:1      | thiole the Octopode Hedge Wizard began the quest for the
                  | Orb.
     0 | D:1      | Reached XP level 1. HP: 11/11 MP: 4/4
   238 | D:1      | Reached XP level 2. HP: 17/17 MP: 0/6
   353 | D:1      | Reached skill level 3 in Stealth
  1168 | D:1      | Reached XP level 3. HP: 21/21 MP: 0/7
  2101 | D:2      | Learned a level 2 spell: Call Imp
  2104 | D:2      | Learned a level 2 spell: Blink
  2108 | D:2      | Learned a level 3 spell: Mephitic Cloud
  2143 | D:2      | Noticed Natasha
  2151 | D:2      | Killed Natasha
  2152 | D:2      | Reached XP level 4. HP: 27/27 MP: 2/9
  2362 | D:2      | Noticed Natasha
  2370 | D:2      | Killed Natasha
  2828 | D:2      | Found an iron altar of Okawaru.
  3109 | D:2      | Noticed Natasha
  3118 | D:2      | Killed Natasha
  3119 | D:2      | Reached skill level 4 in Stealth
  3119 | D:2      | Reached XP level 5. HP: 31/31 MP: 0/10
  3431 | D:3      | Found a stormy altar of Qazlal.
  4684 | D:4      | Noticed Eustachio
  4706 | D:4      | Killed Eustachio
  4707 | D:4      | Reached skill level 5 in Stealth
  4707 | D:4      | Reached XP level 6. HP: 4/36 MP: 5/12
  5126 | D:4      | Found a broken altar of Ashenzari.
  5676 | D:5      | Entered Level 5 of the Dungeon
  6206 | D:5      | Reached skill level 6 in Stealth
  6308 | D:5      | Noticed an ice beast
  6362 | D:5      | Reached XP level 7. HP: 41/41 MP: 13/13
  6399 | D:5      | Learned a level 3 spell: Frozen Ramparts
  6482 | D:6      | Reached skill level 1 in Ice Magic
  6861 | D:6      | Reached skill level 1 in Air Magic
  7274 | D:6      | Reached skill level 5 in Spellcasting
  7387 | D:6      | Reached skill level 7 in Stealth
  7387 | D:6      | Reached XP level 8. HP: 46/46 MP: 7/15
  8086 | D:5      | Noticed a wyvern
  8086 | D:5      | an ice beast changed into a wyvern
  8087 | D:5      | a wyvern changed into a tengu
  8277 | D:5      | Learned a level 3 spell: Ozocubu's Armour
  9106 | D:7      | Noticed Harold
  9148 | D:7      | Found a staircase to the Ecumenical Temple.
  9158 | Temple   | Entered the Ecumenical Temple
  9175 | Temple   | Became a worshipper of Gozag Ym Sagoz the Greedy
  9778 | D:7      | Noticed a hornet
  9849 | D:7      | Killed a hornet
 10276 | D:7      | Killed Harold
 10277 | D:7      | Reached skill level 8 in Stealth
 10277 | D:7      | Reached XP level 9. HP: 21/55 MP: 11/18
 11317 | D:8      | Reached skill level 9 in Stealth
 12218 | D:8      | Noticed a komodo dragon
 12234 | D:8      | Killed a komodo dragon
 12235 | D:8      | Reached skill level 5 in Air Magic
 12500 | D:8      | Reached skill level 10 in Stealth
 12760 | D:8      | Noticed a two-headed ogre
 12778 | D:8      | Killed a two-headed ogre
 12779 | D:8      | Reached skill level 5 in Fighting
 12779 | D:8      | Reached XP level 10. HP: 66/66 MP: 8/21
 12933 | D:8      | Reached skill level 11 in Stealth
 12976 | D:8      | Found a staircase to the Lair.
 13019 | D:8      | Noticed Gastronok
 13239 | D:8      | Killed from afar by Gastronok

Illustrated notes

Levels and vault maps discovered:
D:1:      amcnicky_arrival_wind_blow, layout_basic
D:2:      layout_basic, okawaru_gym_becter, uniq_natasha
D:3:      layout_basic, nicolae_qazlal_eye_of_the_storm
D:4:      layout_loops_corners, nicolae_overflow_hidden_temple, fountainhead,
          dk_noncrumbling_4, minmay_goblin_outpost, uniq_eustachio
D:5:      layout_basic
D:6:      layout_loops_ring
D:7:      minmay_chambers_of_fours, layout_cave_pods,
          minmay_temple_entry_offerings, uniq_harold
D:8:      layout_basic, marbit_many_paths, gammafunk_temple_overflow_forgotten,
          grunt_lair_entry_orc_guard_hut, gammafunk_ghost_stat_death,
          chequers_avenue, uniq_gastronok
Temple:   nicolae_temple_elliptical

Skill      XL: |  1  2  3  4  5  6  7  8  9 10 |
---------------+-------------------------------+-----
Stealth        | 3 4 5 6 7 8 10 11 | 11.0
Conjurations   | 2 3 4 |  4.0
Summonings     | 2 |  2.0
Spellcasting   | 4 5 6 7 |  7.5
Ice Magic      | 2 4 |  4.0
Air Magic      | 2 4 5 |  5.0
Fighting       | 2 5 |  5.4
Dodging        | |  2.0
Translocations | |  1.0

Action                   |  1- 3 |  4- 6 |  7- 9 | 10-12 || total
-------------------------+-------+-------+-------+-------++-------
Melee: Dagger            |    38 |    45 |    47 |       ||   130
       Constrict         |    13 |     8 |    25 |       ||    46
       Tentacles         |     7 |     9 |    32 |       ||    48
       Staff             |       |       |    89 |       ||    89
 Cast: Magic Dart        |    88 |    88 |    95 |    17 ||   288
       Call Imp          |     2 |    29 |    75 |     3 ||   109
       Frozen Ramparts   |       |       |    21 |     1 ||    22
       Mephitic Cloud    |       |       |     2 |       ||     2
       Ozocubu's Armour  |       |       |     7 |       ||     7
Evoke: Wand              |       |       |     6 |     1 ||     7
  Use: Scroll            |       |     2 |    10 |     1 ||    13
       Potion            |       |       |    15 |     1 ||    16
 Stab: Distracted        |       |       |     2 |       ||     2
       Confused          |       |       |     1 |       ||     1
       Sleeping          |       |       |     2 |       ||     2
       Invisible         |       |       |     1 |       ||     1
Armor: Skin              |     9 |     4 |    34 |       ||    47
Dodge: Dodged            |    38 |    39 |    73 |     2 ||   152
